 Dungeon Sprint DCSS version 0.17-a0-1748-g222fba8 (webtiles) character file.

3686 hexophile the Cleaver (level 10, -5/104 HPs)
             Began as a Naga Fighter on Sept 1, 2015.
             Was a High Priest of Okawaru.
             Slain by a slime creature (6 damage)
             ... while paralysed by a giant eyeball
             ... in the Dungeon (Sprint V: "Ziggurat Sprint").
             The game lasted 00:05:17 (715 turns).

hexophile the Cleaver (Naga Fighter)                 Turns: 715, Time: 00:05:17

Health: -5/104     AC:  7    Str: 27    XL:     10   Next: 13%
Magic:  9/10       EV:  1    Int:  6    God:    Okawaru [*****.]
Gold:   0          SH:  0    Dex: 14    Spells: 0 memorised, 9 levels left

rFire  + + +     SeeInvis +     a - +5 broad axe (chop)
rCold  . . .     Clarity  .     L - +5 plate armour of Ciwoche {rF+ Str+3}
rNeg   . . .     SustAt   .     b - +3 large shield
rPois  +         Gourm    .     (no helmet)
rElec  .         Spirit   .     (no cloak)
rCorr  .         Warding  .     (no gloves)
rMut   .         NoTele   +     (no barding)
MR     +....                    (no amulet)
Stlth  ..........               E - +6 ring of strength
                                M - ring "Toxeu" {rPois rF++ Int-3 Slay+2 Stlth+}

@: paralysed, heroism, corroded equipment, very slow, somewhat resistant to
hostile enchantments, extremely unstealthy
A: see invisible, deformed body, poison resistance, slowness 2, slow metabolism
1, spit poison 2, AC +3
a: Spit Poison, Heroism, Finesse, Renounce Religion


You were in the Dungeon.
You worshipped Okawaru.
Okawaru was extremely pleased with you.
You were not hungry.

You visited 1 branch

Inventory:

Hand weapons
 a - a +5 broad axe of chopping (weapon)
Armour
 b - a +3 large shield (worn)
 c - a +5 crystal plate armour
 y - a +5 gold dragon armour
 L - the +5 plate armour of Ciwoche (worn) {rF+ Str+3}
   (You found it in the Dungeon)

   It affects your strength (+3).
   It protects you from fire.
Jewellery
 A - a +6 ring of dexterity
 B - a +6 ring of dexterity
 C - a +6 ring of intelligence
 D - a +6 ring of intelligence
 E - a +6 ring of strength (right hand)
 F - a +6 ring of strength
 M - the ring "Toxeu" (left hand) {rPois rF++ Int-3 Slay+2 Stlth+}
   (You found it in the Dungeon)

   [ring of stealth]

   It affects your intelligence (-3).
   It affects your accuracy and damage with ranged weapons and melee attacks
   (+2).
   It greatly protects you from fire.
   It protects you from poison.
   It makes you more stealthy.
Magical devices
 o - a wand of hasting (2)
 G - a wand of disintegration (7)
 H - a wand of fire (0)
 I - a wand of cold (5)
 J - a wand of draining (5)
Scrolls
 k - 4 scrolls of blinking
 q - 4 scrolls of amnesia
 r - 3 scrolls of recharging
 s - 7 scrolls of fog
 t - a scroll of holy word
 u - 5 scrolls of identify
 v - 5 scrolls of remove curse
 w - 2 scrolls of fear
Potions
 d - 6 potions of might
 f - 7 potions of curing
 g - 9 potions of heal wounds
 h - 6 potions of haste
 i - 7 potions of magic
 j - 3 potions of berserk rage
 l - 2 potions of brilliance
 m - 2 potions of invisibility
 n - 4 potions of resistance
 p - 5 potions of agility
Miscellaneous
 K - a disc of storms
Comestibles
 e - 5 bread rations
 x - 42 fruits
 z - 4 meat rations


   Skills:
 + Level 11.0(16.0) Fighting
 * Level 14.6(19.6) Axes
 + Level 9.4(14.4) Armour
 + Level 8.6(13.6) Shields


You had 9 spell levels left.
You didn't know any spells.

Dungeon Overview and Level Annotations

Branches:
Dungeon (1/1)

Altars:
Ashenzari
Cheibriados
Dithmenos
Elyvilon
Fedhas
Gozag
Kikubaaqudgha
Makhleb
Nemelex Xobeh
Okawaru
Qazlal
Ru
Sif Muna
Trog
Vehumet
Xom
Yredelemnul
Zin
The Shining One
Beogh
Jiyva
Lugonu


Innate Abilities, Weirdness & Mutations

You cannot wear boots.
Your serpentine skin is tough (AC +3).
You have supernaturally acute eyesight.
Armour fits poorly on your strangely shaped body.
Your system is resistant to poisons.
You cover ground very slowly.
You have a slow metabolism.
You can spit poison.


Message History

Okawaru accepts your kill. The slime creature hits you.
You're too confused to move!
The golden eye blinks!
The jelly hits you.
You are splashed with acid!
The acid corrodes you!
The acid burns!
The slime creature hits you!
* * * LOW HITPOINT WARNING * * *
Unknown command.
You bump into the unnaturally hard rock wall.
The jelly hits you but does no damage. The slime creature closely misses you.
The giant eyeball gazes at you.
You suddenly lose the ability to move!
The jelly hits you but does no damage. The slime creature hits you!
* * * LOW HITPOINT WARNING * * *
You feel less confused. The jelly hits you but does no damage.
The slime creature hits you!
* * * LOW HITPOINT WARNING * * *
The golden eye blinks at you. You resist with some effort.
The jelly hits you but does no damage. The slime creature hits you.
You die...

▓..8©8..▓
▓..===....▓..=|:..▓
▓...).)...▓..)....▓
▓.........▓.......▓
▓.........▓.......▓
▓.........▓.......▓
▓.........▓....(..▓
▓.▓.GJJ.▓.▓.▓...▓.▓
▓...G@G...▓.......▓
▓▓▓▓▓▓▓▓▓▓▓▓▓▓▓▓▓▓▓
▓..8©8..▓ ▓..::)..▓
▓..)}}..▓ ▓.......▓
▓.......▓ ▓.......▓
▓.......▓


You could see a slime creature, an eye of devastation, a jelly, a giant eyeball
and a golden eye.

Vanquished Creatures
  A deep elf knight (D)
  A deep elf summoner (D)
  A shining eye (D)
  2 eyes of devastation (D)
  A slime creature (D)
  A spriggan (D)
  4 deep elf magi (D)
  A black bear (D)
  2 eyes of draining (D)
  A jelly (D)
  An orc wizard (D)
  An orc priest (D)
  A crimson imp (D)
  An iron imp (D)
  2 river rats (D)
  4 adders (D)
  A white imp (D)
  An ufetubus (D)
  An ooze (D)
  2 orcs (D)
  A jackal (D)
  A ball python (D)
32 creatures vanquished.

Notes
Turn   | Place    | Note
--------------------------------------------------------------
     0 | D        | hexophile the Naga Fighter began the quest for the Orb.
     0 | D        | Reached XP level 1. HP: 21/21 MP: 1/1
     0 | D        | Found a viscous altar of Jiyva.
     0 | D        | Found a roughly hewn altar of Beogh.
     0 | D        | Found a corrupted altar of Lugonu.
     0 | D        | Found a white marble altar of Elyvilon.
     0 | D        | Found a sparkling altar of Nemelex Xobeh.
     2 | D        | Found a burning altar of Makhleb.
     2 | D        | Found an iron altar of Okawaru.
     2 | D        | Found a deep blue altar of Sif Muna.
     2 | D        | Found a radiant altar of Vehumet.
     2 | D        | Found a bloodstained altar of Trog.
     2 | D        | Found a shimmering altar of Xom.
    76 | D        | Became a worshipper of Warmaster Okawaru
    80 | D        | Entered arena 1.
    80 | D        | Noticed a spriggan
    80 | D        | Noticed a black bear
    85 | D        | Killed a black bear
    85 | D        | Acquired Okawaru's first power
    85 | D        | Reached skill level 5 in Fighting
    85 | D        | Reached skill level 6 in Axes
    85 | D        | Reached XP level 2. HP: 10/32 MP: 2/2
    85 | D        | Reached XP level 3. HP: 12/39 MP: 3/3
    85 | D        | Reached XP level 4. HP: 14/46 MP: 4/4
    95 | D        | Killed a spriggan
    95 | D        | Reached skill level 8 in Axes
    95 | D        | Reached skill level 5 in Armour
    95 | D        | Reached XP level 5. HP: 35/56 MP: 5/5
    95 | D        | Reached XP level 6. HP: 39/63 MP: 6/6
    96 | D        | Reached skill level 10 in Axes
    96 | D        | Reached skill level 5 in Shields
    96 | D        | Reached XP level 7. HP: 42/73 MP: 7/7
   232 | D        | Entered arena 2.
   248 | D        | Got the +5 plate armour of Ciwoche {rF+ Str+3}
   260 | D        | Entered arena 3.
   260 | D        | Noticed an orc wizard
   260 | D        | Noticed an orc priest
   267 | D        | Killed an orc wizard
   268 | D        | Killed an orc priest
   277 | D        | Entered arena 4.
   277 | D        | Noticed an iron imp
   277 | D        | Noticed a crimson imp
   282 | D        | Killed an iron imp
   288 | D        | Killed a crimson imp
   288 | D        | Reached skill level 11 in Axes
   300 | D        | Entered arena 5.
   309 | D        | Got the ring of Xoqukk {Wiz rPois}
   314 | D        | Entered arena 6.
   314 | D        | Noticed a shining eye
   314 | D        | Noticed an eye of draining
   314 | D        | Noticed an eye of devastation
   314 | D        | Noticed an eye of draining
   314 | D        | Noticed an eye of devastation
   323 | D        | Killed a shining eye
   323 | D        | Reached XP level 8. HP: 68/84 MP: 0/8
   323 | D        | Killed an eye of devastation
   323 | D        | Reached skill level 12 in Axes
   323 | D        | Killed an eye of draining
   326 | D        | Killed an eye of draining
   329 | D        | Killed an eye of devastation
   329 | D        | Received a gift from Okawaru
   329 | D        | Reached XP level 9. HP: 75/93 MP: 0/9
   336 | D        | Got the ring "Toxeu" {rPois rF++ Int-3 Slay+2 Stlth+}
   348 | D        | Entered arena 7.
   348 | D        | Noticed a deep elf mage
   348 | D        | Noticed a deep elf mage
   348 | D        | Noticed a deep elf knight
   348 | D        | Noticed a deep elf mage
   348 | D        | Noticed a deep elf summoner
   348 | D        | Noticed a deep elf mage
   352 | D        | Killed a deep elf mage
   352 | D        | Reached skill level 13 in Axes
   354 | D        | Noticed a demonic crawler
   357 | D        | Killed a deep elf mage
   357 | D        | Reached skill level 10 in Fighting
   360 | D        | Killed a deep elf knight
   360 | D        | Acquired Okawaru's second power
   360 | D        | Killed a deep elf mage
   360 | D        | Reached skill level 14 in Axes
   361 | D        | Killed a deep elf mage
   366 | D        | Killed a deep elf summoner
   366 | D        | Reached XP level 10. HP: 38/103 MP: 3/10
   695 | D        | Entered arena 8.
   695 | D        | Noticed a slime creature
   695 | D        | Noticed an eye of devastation
   695 | D        | Noticed a jelly
   695 | D        | Noticed a slime creature
   695 | D        | Noticed a jelly
   695 | D        | Noticed a golden eye
   695 | D        | Paralysed by a giant eyeball for 4 turns
   701 | D        | Paralysed by a giant eyeball for 4 turns
   710 | D        | Killed a slime creature
   710 | D        | Killed a jelly
   712 | D        | Paralysed by a giant eyeball for 4 turns
   714 | D        | HP: 1/104 [slime creature (12)]
   715 | D        | Slain by a slime creature

Vault maps used:
D:        sprint_v

Action                   |  1- 3 |  4- 6 |  7- 9 | 10-12 || total
-------------------------+-------+-------+-------+-------++-------
Melee: Broad axe         |     3 |     8 |    45 |     4 ||    60
Invok: Heroism           |       |       |     2 |     1 ||     3
Evoke: Wand              |     2 |     1 |     2 |       ||     5
  Use: Potion            |       |     2 |     3 |     3 ||     8
       Scroll            |       |       |     1 |       ||     1
